 Dungeon Crawl Stone Soup version 0.27-a0-1136-g0b992a5a9d (webtiles) character file.

Game seed: 4260993806899419724

53 Mels the Slasher (level 3, -1/29 HPs)
             Began as a Barachi Gladiator on May 4, 2021.
             Slain by a gnoll
             ... wielding a +0 flail
              (4 damage)
             ... on level 1 of the Dungeon.
             The game lasted 00:01:24 (1282 turns).

Mels the Slasher (Barachi Gladiator)                Turns: 1282, Time: 00:01:25

Health: -1/29      AC:  8    Str: 15    XL:     3   Next: 89%
Magic:  3/3        EV: 10    Int:  8    God:
Gold:   4          SH:  0    Dex: 14    Spells: 2/2 levels left

rFire    . . .     SeeInvis .   a - +0 long sword
rCold    . . .     Faith    .   (no shield)
rNeg     . . .     Spirit   .   e - +0 scale mail
rPois    .         Reflect  .   c - +0 helmet
rElec    .         Harm     .   (no cloak)
rCorr    .         Rampage  .   g - +0 pair of gloves
Will     .....                  (no boots)
Stlth    ..........             (no amulet)
HPRegen  0.09/turn              (no ring)
MPRegen  0.08/turn              (no ring)

@: unable to hop, slow
A: amphibious, slowness 1, strong legs 1, +LOS
a: Hop


You were on level 1 of the Dungeon.
You visited 1 branch of the dungeon, and saw 2 of its levels.

You collected 4 gold pieces.

Inventory:

Hand Weapons
 a - a +0 long sword (weapon)
Missiles
 d - 3 throwing nets (quivered)
Armour
 c - a +0 helmet (worn)
 e - a +0 scale mail (worn)
 g - a +0 pair of gloves (worn)
Jewellery
 h - a ring of positive energy
Scrolls
 f - 2 scrolls of identify {unknown}
Potions
 b - a potion of heal wounds {unknown}
 i - a potion of ambrosia {unknown}


   Skills:
 + Level 3.2 Fighting
 * Level 4.8 Long Blades
 - Level 2.0 Throwing
 + Level 3.8 Dodging


You had 2 spell levels left.
You didn't know any spells.
Your spell library was empty.

Dungeon Overview and Level Annotations

Branches:
Dungeon (2/15)

Altars:


Innate Abilities, Weirdness & Mutations

You are amphibious.
You cover ground slowly.
You can hop short distances.
You have an extended range of vision and can be seen from far away.


Message History

There are monsters nearby!
There are monsters nearby!
You hit the adder but do no damage. The adder bites you.
You are poisoned.
The adder poisons you!
You hit the adder but do no damage.
You feel sick. The adder bites you but does no damage.
The adder closely misses you.
You slash the adder!
The adder is almost dead.
You feel sick. The adder bites you but does no damage.
A worm comes into view.
You miss the adder.
The adder is almost dead.
You feel sick. The adder barely misses you.
You riposte.
You hit the adder.
You kill the adder!
You hit the gnoll.
The gnoll is lightly wounded.
You feel sick.
You are no longer poisoned.
The gnoll hits you with a +0 flail!
You are too injured to fight recklessly!
You are too injured to fight recklessly!
You are too injured to fight recklessly!
Hop to where?
Press: ? - help, Dir - move target Boing!
A gnoll comes into view. It is wielding a +0 flail.
There is a stone staircase leading up here.
The gnoll misses you.
You climb upwards.
There is a stone staircase leading down here.
The gnoll hits you with a +0 flail.
* * * LOW HITPOINT WARNING * * *
The gnoll closely misses you. The gnoll hits you with a +0 flail.
* * * LOW HITPOINT WARNING * * *
The gnoll hits you with a +0 flail.
* * * LOW HITPOINT WARNING * * *
The gnoll hits you with a +0 flail.
You die...

#.# #≈...≈# #.# #.# #.....<
#.# #≈...≈###.###.####.....
#.# #≈≈≈≈≈##........###....
#.# ########........# ##...
#.# #.........# ##.. #.#
#.........# ##.
#.############..(....).######+
#.............................
#############@########)#.....#
#g##...##....##...
#.##.......######.
##.##......## ## #..##....###
#.######.# ######.######.#
#..).......#..#
#............## #


You could see a gnoll.

Vanquished Creatures
  2 adders (D:2)
  A dart slug (D:1)
  5 endoplasms
  2 giant cockroaches (D:1)
  3 goblins (D:1)
  A hobgoblin (D:1)
  7 kobolds (D:1)
  4 ball pythons (D:1)
  8 frilled lizards (D:1)
  A rat (D:1)
34 creatures vanquished.

Notes
Turn   | Place    | Note
-------+----------+-------------------------------------------
     0 | D:1      | Mels the Barachi Gladiator began the quest for the Orb.
     0 | D:1      | Reached XP level 1. HP: 17/17 MP: 1/1
   351 | D:1      | Reached skill level 4 in Long Blades
   351 | D:1      | Reached XP level 2. HP: 22/23 MP: 2/2
   668 | D:1      | Found a faded altar of an unknown god.
   842 | D:1      | Reached XP level 3. HP: 28/28 MP: 3/3
  1282 | D:1      | Slain by a gnoll

Illustrated notes

Levels and vault maps discovered:
D:1:      mrwooster_arrival_arrow, layout_rooms, shapermc_ecumenical_altar_venn,
          chequers_avenue, kennysheep_minor_cross, minmay_lizard_pond
D:2:      layout_loops_ring, basic_altar, uniq_jessica

Skill      XL: |  1  2  3 |
---------------+----------+-----
Long Blades    | 4 |  4.8
Fighting       | 3 |  3.2
Throwing       | |  2.0
Dodging        | |  3.8

Action                   || total
-------------------------++-------
Melee: Long sword        ||    75
 Abil: Hop               ||     2
Armor: Leather armour    ||     7
       Scale mail        ||    41
Dodge: Dodged            ||    54
       Rpst.: Long sword ||    25

Table legend: (Time is in decaauts)
 A = Elapsed time spent in this place.
 B = Non-inter-level travel time spent in this place.
 C = Inter-level travel time spent in this place.
 D = Time resting spent in this place.
 E = Time spent auto-exploring this place.
 F = Levels seen in this place.
 G = Mean time per level.
                   A        B        C        D        E       F      G
               +--------+--------+--------+--------+--------+-----+--------+
         Total |   1394 |   1360 |     34 |    264 |    880 |   2 |  697.0 |
       Dungeon |   1394 |   1360 |     34 |    264 |    880 |   2 |  697.0 |
               +--------+--------+--------+--------+--------+-----+--------+

Top non-repeatable levels by time:
     D:1: 1199 daAuts
     D:2: 195 daAuts
